AoeStats
← Nickolai k

Arena

510385473Analyzed
4v4 RM · 1d ago on Sep 30, 2026· 36m 5s· 8 players
Game mode
Random Map
Map size
Large (8 player)
Population
200
Speed
Normal
Resources
Standard
Victory
Conquest
Starting age
Dark Age
Ending age
Imperial Age
RankedLock teamsTeams togetherTeam positionsShared explorationLock speedFull tech treeHidden civsTurbo modeCheats
Victory
Defeat
🇹🇷 Britons · Türkiye
1041
+11
🇲🇽 Turks · Mexico
1010
+17
🇹🇷 Byzantines · Türkiye
968
+14
🇹🇷 Hindustanis · Türkiye
951
+15
🇩🇰 Turks · Denmark
1013
-17
🇩🇰 Hindustanis · Denmark
1007
-16
🇩🇰 Portuguese · Denmark
878
-11
🇩🇰 Persians · Denmark
827
-9
TheCaesar
10:42 Feudal Age
14:47 Castle Age
13:03 Double-Bit Axe
15:21 Gold Mining
16:20 Bow Saw
19:03 Loom
20:56 Ballistics
20:53 Fletching
21:04 Padded Archer Armor
22:54 Stone Mining
22:50 Horse Collar
25:04 Wheelbarrow
29:30 Imperial Age
27:24 Crossbowman
28:01 Bodkin Arrow
28:22 Leather Archer Armor
29:10 Gold Shaft Mining
29:54 Hand Cart
31:18 Chemistry
31:06 Pikeman
31:48 Squires
31:33 Arson
31:20 Arbalester
32:49 Bracer
34:18 Yeomen
34:01 Elite Longbowman
36:12 Ring Archer Armor
tonnyverygood
11:11 Feudal Age
12:11 Double-Bit Axe
12:10 Horse Collar
15:42 Castle Age
14:08 Horse Collar
14:52 Double-Bit Axe
14:48 Horse Collar
17:38 Loom
21:23 Imperial Age
19:55 Padded Archer Armor
19:49 Horse Collar
22:02 Leather Archer Armor
33:04 Wheelbarrow
32:41 Bow Saw
35:05 Ring Archer Armor
36:33 Ballistics
matrak_1991
10:57 Feudal Age
11:51 Loom
15:36 Castle Age
13:47 Horse Collar
14:15 Double-Bit Axe
15:09 Stone Mining
16:30 Bow Saw
17:27 Heavy Plow
22:45 Wheelbarrow
23:53 Gold Mining
25:59 Hand Cart
29:36 Imperial Age
27:37 Scale Barding Armor
29:42 Stone Shaft Mining
29:42 Gold Shaft Mining
29:09 Light Cavalry
29:50 Husbandry
31:25 Chemistry
34:14 Two-Man Saw
33:47 Crop Rotation
33:53 Cavalier
Andorra Elturco
7:42 Loom
10:36 Feudal Age
11:02 Double-Bit Axe
15:33 Castle Age
16:58 Gold Mining
18:29 Husbandry
20:09 Wheelbarrow
24:37 Bloodlines
24:55 Bow Saw
24:28 Horse Collar
30:46 Imperial Age
31:27 Heavy Camel Rider
33:26 Two-Man Saw
32:28 Heavy Plow
32:36 Scale Barding Armor
32:43 Forging
Nickolai k
12:17 Feudal Age
18:51 Castle Age
18:50 Loom
23:53 Pikeman
28:07 Imperial Age
29:16 Wheelbarrow
30:03 Elite Organ Gun
Palmejorgen4637
8:53 Loom
11:18 Feudal Age
16:02 Castle Age
14:00 Double-Bit Axe
15:01 Horse Collar
19:23 Bloodlines
19:16 Husbandry
23:18 Heavy Plow
25:11 Bow Saw
25:45 Wheelbarrow
31:10 Scale Barding Armor
32:30 Chain Barding Armor
35:55 Thumb Ring
35:11 Crossbowman
Donp4ppa
10:44 Feudal Age
11:10 Double-Bit Axe
15:50 Castle Age
19:06 Bow Saw
19:31 Fervor
19:11 Horse Collar
22:11 Wheelbarrow
24:23 Husbandry
24:34 Bloodlines
26:06 Heavy Plow
29:53 Imperial Age
27:42 Town Watch
29:09 Sanctity
29:14 Loom
29:44 Hand Cart
30:55 Gold Mining
32:30 Artillery
33:41 Padded Archer Armor
35:37 Conscription
35:48 Town Patrol
The Priest1783
10:52 Feudal Age
14:59 Castle Age
13:20 Double-Bit Axe
19:23 Wheelbarrow
18:34 Loom
18:54 Town Watch
19:25 Horse Collar
22:55 Fletching
24:33 Bow Saw
24:23 Bodkin Arrow
24:43 Fortified Wall
26:08 Scale Mail Armor
26:18 Forging
26:57 Squires
27:12 Elite Skirmisher
29:37 Padded Archer Armor
33:19 Leather Archer Armor
33:28 Ballistics
Connection lost

Rejoining the realm…

Still unreachable

The connection could not be restored.

Session expired

The server has moved on; the page needs a fresh start.